 Dungeon Crawl Stone Soup version 0.26-a0-651-gb41185065b (webtiles) character file.

Game seed: 11611552944246563722

86 Flugslaktarn the Covered (level 4, -1/42 HPs)
             Began as a Deep Dwarf Fighter on Oct 8, 2020.
             Succumbed to a big kobold's poison
             ... in a sewer.
             The game lasted 00:00:40 (616 turns).

Flugslaktarn the Covered (Deep Dwarf Fighter)        Turns: 616, Time: 00:00:40

Health: -1/42      AC:  7    Str: 21    XL:     4   Next: 27%
Magic:  2/2        EV:  7    Int:  8    God:
Gold:   60         SH:  9    Dex: 12    Spells: 3/3 levels left

rFire    . . .     SeeInvis .   a - +0 war axe
rCold    . . .     Faith    .   c - +0 kite shield
rNeg     . . .     Spirit   .   b - +0 scale mail
rPois    .         Reflect  .   (no helmet)
rElec    .         Harm     .   (no cloak)
rCorr    .         Rampage  .   (no gloves)
MR       .....                  (no boots)
Stlth    ..........             (no amulet)
HPRegen  0.00/turn              (no ring)
MPRegen  0.08/turn              (no ring)

@: mighty, lethally poisoned (-1 -> -17), non-regenerating
A: damage resistance, heal wounds, sense surroundings 1, no regeneration
a: Heal Wounds


You were in a sewer.
You visited 1 branch of the dungeon, and saw 3 of its levels.
You also visited: Sewer.

You collected 60 gold pieces.

Inventory:

Hand Weapons
 a - a +0 war axe (weapon)
Armour
 b - a +0 scale mail (worn)
 c - a +0 kite shield (worn)
Jewellery
 f - an uncursed ring of flight {unknown}
   (You found it on level 2 of the Dungeon)
 h - a cursed -4 ring of dexterity {unknown}
   (You found it on level 2 of the Dungeon)
Scrolls
 e - a scroll of magic mapping {unknown}
 g - a scroll of amnesia {unknown}
 j - a scroll of identify {unknown}
 l - a scroll of blinking {unknown}
Potions
 i - a potion of degeneration {unknown}
 k - a potion of flight {unknown}


   Skills:
 * Level 3.5 Fighting
 * Level 3.4 Axes
 + Level 3.7 Armour
 + Level 0.5 Dodging
 - Level 3.6 Shields


You had 3 spell levels left.
You didn't know any spells.
Your spell library was empty.

Dungeon Overview and Level Annotations

Branches:
Dungeon (3/15)              Sewer (1/1)

Altars:
Dithmenos


Innate Abilities, Weirdness & Mutations

You are resistant to damage.
You can heal yourself by infusing magical energy.
You passively map a small area around you.
You do not regenerate.


Message History

You slash the big kobold!
The big kobold is severely wounded.
* * * LOW HITPOINT WARNING * * *
You feel very sick. You block the big kobold's attack.
The big kobold splashes around in the water.
You fail to use your ability.
* * * LOW HITPOINT WARNING * * *
You feel very sick.
The big kobold splashes around in the water.
You barely miss the big kobold.
The big kobold is severely wounded.
* * * LOW HITPOINT WARNING * * *
You feel very sick.
The big kobold splashes around in the water.
You are too injured to fight recklessly!
You are too injured to fight recklessly!
You slash the big kobold!
The big kobold is almost dead.
You die...

##.≈≈≈≈##
#..≈≈≈≈≈################
#≈.≈≈≈≈≈≈≈≈≈≈≈≈≈≈≈≈≈≈≈≈≈
#.≈≈≈≈≈≈################
#.≈≈≈≈≈.# #.≈≈≈≈≈≈#
#≈≈≈≈≈≈.# #≈≈≈≈≈(K#
#≈≈≈≈≈)@# #.≈≈≈≈.≈#
#..≈..≈.# ####.####* _
... ,,, * ....,, , ,
##... ## , ** * ,


You could see a big kobold.

Vanquished Creatures
  Natasha (D:2)
  An adder (D:3)
  2 river rats (Sewer)
  A worm (D:2)
  4 goblins (D:2)
  6 hobgoblins
  A jackal (Sewer)
  A quokka (D:2)
  3 bats
  A frilled lizard (D:1)
  6 kobolds
  7 rats
34 creatures vanquished.

Vanquished Creatures (others)
  A plant (D:1)
1 creature vanquished.

Grand Total: 35 creatures vanquished

Notes
Turn   | Place    | Note
-------+----------+-------------------------------------------
     0 | D:1      | Flugslaktarn the Deep Dwarf Fighter began the quest for the
                  | Orb.
     0 | D:1      | Reached XP level 1. HP: 20/20 MP: 1/1
   215 | D:2      | Reached XP level 2. HP: 21/27 MP: 2/2
   445 | D:2      | Noticed Natasha
   454 | D:2      | Killed Natasha
   454 | D:2      | Reached XP level 3. HP: 13/34 MP: 3/3
   485 | D:3      | Found a shadowy altar of Dithmenos.
   496 | D:3      | Found a glowing drain.
   517 | Sewer    | Entered a sewer
   521 | Sewer    | Reached XP level 4. HP: 40/42 MP: 4/4
   577 | Sewer    | Noticed a big kobold
   616 | Sewer    | Succumbed to a big kobold's poison

Illustrated notes

Levels and vault maps discovered:
D:1:      giann_bridges, layout_basic
D:2:      cheibrodos_greedy_goblins, layout_basic,
          nicolae_overflow_hidden_temple, uniq_natasha
D:3:      layout_basic, portal_sewer_entry_b, grunt_ministairs_15,
          nicolae_dithmenos_through_a_glass_darkly
Sewer:    sewer_kobolds

Skill      XL: |  1  2 |
---------------+-------+-----
Fighting       | 3 |  3.5
Axes           | 3 |  3.4
Armour         | |  3.7
Dodging        | |  0.5
Shields        | |  3.6

Action                   |  1- 3 |  4- 6 || total
-------------------------+-------+-------++-------
Melee: War axe           |    72 |    40 ||   112
 Abil: Heal Wounds       |     2 |     3 ||     5
  Use: Potion            |       |     1 ||     1
Armor: Scale mail        |    29 |    14 ||    43
Dodge: Dodged            |    17 |    10 ||    27
Block: Kite shield       |    36 |    23 ||    59

Table legend: (Time is in decaauts)
 A = Elapsed time spent in this place.
 B = Non-inter-level travel time spent in this place.
 C = Inter-level travel time spent in this place.
 D = Time resting spent in this place.
 E = Time spent auto-exploring this place.
 F = Levels seen in this place.
 G = Mean time per level.
                   A        B        C        D        E       F      G
               +--------+--------+--------+--------+--------+-----+--------+
         Total |    685 |    617 |     68 |      0 |    364 |   4 |  171.2 |
       Dungeon |    550 |    482 |     68 |      0 |    303 |   3 |  183.3 |
         Sewer |    135 |    135 |      0 |      0 |     61 |   1 |  135.0 |
               +--------+--------+--------+--------+--------+-----+--------+

Top non-repeatable levels by time:
     D:2: 408 daAuts
   Sewer: 135 daAuts
     D:1: 91 daAuts
     D:3: 50 daAuts
